Map: Dreamcatcher LE

Players

SpeCial - Winner!

  • Race: Terran Terran
  • Spawn Location: 5:00

Semper

  • Race: Terran Terran
  • Spawn Location: 11:00

Event: WCS Austin 2018

VOD

Have the link to the VOD?

Description

Time

  • Played on: June 1, 2018, 9:46 p.m.
  • Length: 26:51

All games in this series

Show
View Real Time Build Order
Export as new Build Order

SpeCial Terran - Winner!

Build Orders: Bio Tank, Banshee Rush 

Get SALT Encoding   

  12  0:01  SCV  
  13  0:13  SCV  
  14  0:17  Supply Depot  
  14  0:25  SCV  
  15  0:38  SCV  
  15  0:41  Barracks  
  16  0:45  Refinery  
  16  0:50  SCV  
  17  1:03  SCV  
  18  1:15  SCV  
  19  1:28  Orbital Command, Marine  
  20  1:45  Command Center  
  20  1:54  Factory  
  20  1:58  SCV  
  21  2:01  Marine  
  21  2:07  Supply Depot  
  22  2:12  SCV  
  23  2:16  Refinery  
  23  2:21  Barracks Tech Lab  
  23  2:29  SCV  
  24  2:38  Hellion  
  24  2:40  Starport  
  24  2:41  SCV  
  27  2:46  Marine  
  28  2:53  SCV  
  29  3:01  Orbital Command  
  29  3:04  Marine  
  29  3:05  Factory Reactor  
  30  3:07  SCV  
  31  3:15  Bunker  
  31  3:19  SCV  
  32  3:20  Cloaking Field  
  32  3:24  Banshee  
  35  3:30  SCV  
  35  3:31  SCV  
  37  3:38  Supply Depot  
  37  3:42  SCV  
  37  3:44  SCV  
  39  3:49  Marine  
  39  3:50  Marine  
  39  3:54  Cyclone, SCV  
  45  4:02  Supply Depot, SCV  
  46  4:07  Marine x2, SCV  
  46  4:08  Banshee  
  47  4:17  SCV  
  47  4:20  SCV  
  41  4:25  Marine x2  
  41  4:29  Factory Tech Lab, SCV  
  44  4:32  SCV  
  45  4:41  SCV  
  45  4:43  Marine x2  
  45  4:44  SCV  
  49  4:49  Siege Tank  
  49  4:52  Supply Depot  
  55  4:53  SCV  
  55  4:56  SCV  
  54  5:01  Marine x2  
  54  5:05  SCV  
  57  5:08  Raven  
  57  5:09  SCV  
  57  5:17  Command Center, SCV  
  57  5:19  Marine x2  
  57  5:21  SCV  
  61  5:29  SCV  
  61  5:33  SCV  
  56  5:40  Siege Tank  
  56  5:42  SCV  
  62  5:45  Refinery x2, SCV  
  63  5:54  SCV  
  59  5:57  SCV  
  59  6:01  Marine  
  59  6:02  Barracks  
  59  6:03  Barracks  
  61  6:05  Stimpack  
  61  6:06  SCV  
  61  6:09  SCV  
  62  6:17  Siege Tank  
  62  6:18  SCV  
  66  6:21  Marine, SCV  
  66  6:22  Engineering Bay  
  66  6:24  Engineering Bay  
  66  6:25  Starport Reactor  
  68  6:28  Orbital Command  
  68  6:30  SCV  
  67  6:33  SCV  
  68  6:41  Marine  
  68  6:42  SCV  
  68  6:45  SCV  
  68  6:54  SCV  
  68  6:56  Barracks  
  68  6:57  SCV  
  68  6:58  Terran Infantry Weapons Level 1, Barracks, Terran Infantry Armor Level 1  
  68  7:00  Barracks Reactor  
  68  7:01  Marine x3  
  71  7:03  Missile Turret  
  71  7:06  SCV  
  74  7:08  Medivac  
  74  7:09  Medivac  
  74  7:10  SCV  
  79  7:18  Orbital Command  
  79  7:19  Marine x3  
  79  7:20  Missile Turret  
  79  7:21  Siege Tank  
  85  7:22  Orbital Command  
  85  7:30  Supply Depot  
  85  7:33  Supply Depot  
  85  7:35  SCV x2  
  85  7:44  Barracks Reactor  
  85  7:46  Barracks Reactor, Supply Depot  
  85  7:49  Medivac x2, Marine x3, SCV  
  93  7:51  Marine x2, SCV x2  
  93  7:54  Supply Depot  
  97  8:00  Siege Tank  
  97  8:02  SCV  
  97  8:04  SCV  
  102  8:07  Marine x2, SCV  
  102  8:08  Supply Depot  
  102  8:11  Marine x3  
  108  8:14  SCV, Combat Shields  
  109  8:20  Supply Depot  
  109  8:22  Marine x2  
  109  8:25  Marine x2, SCV x2  
  109  8:26  SCV  
  116  8:32  Sensor Tower  
  115  8:38  Armory, Marine  
  113  8:45  Marine, SCV  
  113  8:46  Marine x2, Siege Tank  
  120  8:50  Marine  
  120  8:52  SCV  
  120  8:54  Marine x2  
  120  8:55  Marine x2  
  114  8:56  Marine  
  114  9:01  Medivac x2  
  104  9:02  Marine  
  104  9:03  SCV x2  
  99  9:11  Marine  
  99  9:14  SCV  
  98  9:17  SCV x2  
  98  9:20  Refinery, Marine x6  
  98  9:21  Refinery, Marine  
  107  9:26  SCV  
  107  9:29  SCV  
  107  9:31  Medivac x2, Marine x2  
  113  9:38  Marine x6  
  116  9:39  Terran Infantry Weapons Level 2  
  116  9:40  Marine  
  116  9:44  Supply Depot  
  122  9:46  Liberator  
  122  9:49  Marine x2  
  122  9:51  SCV x2  
  125  9:55  Marine, Siege Tank  
  125  9:56  Marine x2  
  125  9:57  Sensor Tower  
  127  10:01  Marine x2  
  127  10:04  Marine, SCV x2  
  127  10:05  Marine  
  131  10:10  Marine x2  
  131  10:13  Marine  
  133  10:14  Marine  
  133  10:17  Terran Vehicle Weapons Level 1  
  133  10:18  Marine, Factory  
  133  10:19  Supply Depot  
  135  10:21  Marine  
  135  10:27  Marine  
  135  10:28  Marine  
  138  10:31  Marine x4  
  138  10:32  Supply Depot  
  138  10:33  Siege Tank  
  138  10:34  Marine  
  146  10:36  Marine  
  146  10:38  Supply Depot  
  146  10:40  Supply Depot, Marine  
  147  10:45  Marine  
  148  10:50  Marine x2  
  148  10:55  Medivac x2  
  154  11:00  SCV  
  154  11:01  SCV x2  
  143  11:05  Siege Tank  
  143  11:06  Marine x2  
  143  11:07  Marine x2  
  143  11:09  Factory Tech Lab  
  146  11:12  SCV  
  147  11:20  Marine  
  147  11:25  Medivac x2  
  148  11:26  Command Center  
  148  11:27  Marine  
  148  11:28  Siege Tank  
  156  11:35  Terran Infantry Armor Level 2  
  156  11:37  Marine x2  
  156  11:39  Marine x2  
  160  11:40  Marine  
  160  11:44  Marine x3  
  160  11:45  Marine  
  161  11:55  Marine x2  
  161  11:56  Marine x2  
  161  11:58  Marine  
  161  11:59  Siege Tank  
  161  12:00  Medivac  
  161  12:02  Marine x3  
  161  12:03  Marine  
  152  12:13  Marine  
  136  12:17  Marine x2  
  136  12:18  Marine x2  
  136  12:19  Marine  
  136  12:20  Marine  
  140  12:24  Marine, Terran Infantry Weapons Level 3  
  140  12:26  Marine  
  142  12:30  Marine  
  142  12:31  Terran Vehicle Weapons Level 2  
  142  12:35  Siege Tank  
  144  12:38  Siege Tank  
  144  12:40  Liberator x2, Marine  
  144  12:41  Marine x2  
  150  12:46  Marine  
  150  12:47  Marine x4  
  150  12:49  Marine  
  162  12:58  Marine x3  
  162  13:04  Marine x2  
  161  13:07  Siege Tank  
  161  13:08  Marine x2  
  163  13:13  Marine x2  
  163  13:16  Marine x3  
  163  13:18  Siege Tank  
  171  13:22  Marine x2  
  171  13:26  Marine x2  
  175  13:30  Marine x2, Supply Depot  
  175  13:31  Supply Depot  
  177  13:34  Marine x2  
  177  13:37  Marine  
  177  13:40  Marine, Viking x2  
  185  13:44  Planetary Fortress  
  185  13:46  Marine  
  185  13:55  Terran Infantry Armor Level 3  
  179  14:04  Marine  
  179  14:05  Marine x2  
  179  14:09  Marine  
  179  14:13  Marine, Viking x2  
  179  14:15  Marine  
  186  14:21  Marine x3  
  187  14:25  Siege Tank x2  
  187  14:28  Marine x2  
  187  14:29  Marine x2  
  189  14:31  Marine  
  189  14:33  Marine  
  191  14:38  Marine x2  
  178  14:48  Marine x2  
  178  14:50  Marine x2  
  160  14:53  Marine x2  
  160  14:54  Marine  
  160  14:57  Siege Tank  
  145  15:01  Marine  
  145  15:03  Siege Tank  
  145  15:06  Marine x2  
  145  15:07  Marine  
  143  15:08  Marine  
  145  15:15  Liberator x2, Marine  
  145  15:18  Marine  
  145  15:19  Marine x3  
  150  15:24  Marine x2  
  150  15:25  Marine  
  150  15:27  Marine  
  154  15:28  Command Center  
  154  15:29  Siege Tank  
  154  15:33  Marine  
  157  15:44  Marine x2, Siege Tank  
  157  15:45  Marine  
  163  15:52  Marine x2  
  163  15:54  Marine x4  
  165  16:02  Marine x3  
  168  16:04  SCV x2  
  168  16:10  Marine x2  
  172  16:13  Marine x3  
  172  16:15  Viking x2  
  172  16:17  Marine  
  180  16:24  Marine x2  
  180  16:25  Marine  
  179  16:38  Marine x4  
  176  16:44  Marine x2  
  176  16:45  Viking x2  
  176  16:47  Marine x2  
  165  16:51  Marine  
  143  16:56  Marine x3  
  143  16:57  Marine  
  147  17:02  Marine  
  145  17:09  Marine  
  145  17:15  Medivac x2  
  150  17:18  Marine x2  
  150  17:19  Marine x3  
  154  17:26  Marine x3  
  154  17:27  Marine  
  154  17:35  Siege Tank x2  
  154  17:36  Marine x3  
  163  17:37  Marine  
  162  17:44  Marine  
  162  17:45  Medivac x2  
  162  17:47  Marine x3  
  162  17:48  Marine  
  166  17:54  Marine x3  
  166  17:55  Marine  
  170  18:02  Marine  
  170  18:05  Marine x4  
  171  18:08  Orbital Command  
  171  18:11  Starport  
  171  18:12  Marine x3  
  176  18:15  Medivac x2  
  180  18:23  Marine  
  180  18:25  Marine  
  180  18:26  Marine x2  
  176  18:35  Marine x5  
  176  18:38  Sensor Tower  
  181  18:45  Medivac x2  
  180  18:59  Marine  
  176  19:05  Marine  
  176  19:06  Marine  
  176  19:07  Marine  
  179  19:11  Marine  
  179  19:12  Starport Reactor  
  179  19:13  SCV x2  
  179  19:16  Marine  
  179  19:18  Starport  
  179  19:21  Marine  
  179  19:22  Marine  
  179  19:23  Viking x2  
  177  19:35  SCV x3  
  179  19:41  Marine x2  
  179  19:45  Marine x2  
  158  19:46  Marine  
  158  19:47  Marine  
  158  19:49  Viking  
  158  19:50  Marine  
  158  19:51  Marine  
  164  19:53  Viking  
  164  19:54  Marine  
  164  19:59  Marine  
  171  20:07  Siege Tank x2  
  171  20:08  Viking x2  
  178  20:15  Marine  
  178  20:23  Command Center  
  178  20:28  Marine x3  
  179  20:31  Marine x2  
  183  20:39  Marine, Siege Tank  
  183  20:40  Marine x2  
  178  20:50  Orbital Command  
  178  20:56  Viking  
  171  21:01  Marine  
  171  21:02  Marine  
  150  21:11  Marine  
  147  21:13  Marine  
  148  21:21  Marine x2  
  148  21:24  Liberator  
  148  21:30  Liberator  
  147  21:33  Marine  
  147  21:37  Sensor Tower  
  148  21:40  Orbital Command  
  151  21:52  Liberator  
  151  21:53  Siege Tank  
  144  22:03  Marine x2  
  140  22:10  Marine  
  140  22:11  Marine  
  140  22:13  Marine  
  140  22:15  Siege Tank  
  139  22:19  Marine x2  
  131  22:23  Marine x2  
  131  22:26  Marine x2  
  131  22:27  Marine  
  134  22:31  Marine x2  
  134  22:36  Marine x2  
  138  22:41  Marine x2  
  138  22:44  Marine x2  
  140  22:45  Marine  
  140  22:49  Marine  
  144  22:58  Marine x2  
  144  22:59  Planetary Fortress  
  144  23:00  SCV x3  
  144  23:01  Marine  
  150  23:08  Marine x3  
  153  23:16  Marine x2  
  153  23:18  Viking  
  157  23:26  Sensor Tower  
  156  23:37  Marine x3  
  156  23:38  Marine  
  156  23:39  Refinery x2, Marine  
  156  23:43  Marine  
  156  23:46  Marine x2  
  156  23:47  Refinery  
  156  23:48  Refinery, Marine  
  157  23:50  Missile Turret  
  157  23:55  Marine x4  
  159  23:56  Marine, Missile Turret  
  159  24:01  Marine  
  163  24:04  Marine x2  
  163  24:05  Marine  
  163  24:09  SCV x2  
  165  24:12  Marine  
  165  24:13  Marine  
  165  24:14  Orbital Command  
  165  24:15  Marine  
  166  24:17  Marine  
  166  24:22  Marine x2  
  162  24:32  Marine  
  157  24:39  Viking  
  157  24:40  Marine  
  157  24:41  Marine  
  158  24:58  Marine  
  158  24:59  Marine x6  
  162  25:00  Marine, Sensor Tower  
  162  25:02  Marine  
  160  25:16  Marine  
  160  25:17  Marine  
  160  25:20  Marine x2  
  149  25:22  Marine  
  149  25:23  Marine x2  
  149  25:24  Marine, Siege Tank  
  149  25:25  Marine  
  155  25:34  Marine  
  155  25:35  Marine  
  145  25:38  Marine x2  
  145  25:40  Marine x3  
  145  25:41  Marine  
  149  25:43  Marine  
  149  25:46  Liberator  
  148  25:52  Marine x2  
  148  25:55  Marine  
  148  25:56  Marine  
  152  25:57  Marine  
  152  25:58  Marine x2  
  152  25:59  Marine  
  152  26:01  Marine  
  157  26:10  Marine  
  157  26:13  Marine x2  
  157  26:14  Marine  
  157  26:16  Marine x3  
  163  26:23  Marine  
  163  26:24  Marine  
  161  26:27  Marine  
  161  26:31  Marine x2  
  161  26:32  Marine  
Show
View Real Time Build Order
Export as new Build Order

Semper Terran 

Build Orders: Gas First Reaper Expand, Reaper Expand, MMM Bio 

Get SALT Encoding   

  12  0:00  SCV  
  13  0:13  SCV  
  14  0:17  Supply Depot  
  14  0:25  SCV  
  14  0:27  Refinery  
  15  0:39  SCV  
  16  0:45  Barracks  
  16  0:51  SCV  
  17  1:03  SCV  
  18  1:15  SCV  
  19  1:32  Orbital Command, Reaper  
  20  1:47  Command Center  
  20  1:59  Factory  
  20  2:02  SCV  
  20  2:07  Barracks Reactor  
  21  2:15  Supply Depot  
  21  2:16  SCV  
  22  2:25  Refinery  
  22  2:28  SCV  
  23  2:40  SCV  
  24  2:45  Starport  
  24  2:50  Hellion  
  24  2:51  Hellion  
  28  2:52  SCV  
  29  2:59  Orbital Command  
  29  3:04  SCV  
  30  3:12  Hellion  
  32  3:15  Hellion  
  32  3:18  SCV  
  35  3:22  Supply Depot  
  35  3:26  Medivac  
  37  3:28  SCV  
  37  3:37  Cyclone  
  37  3:38  SCV  
  41  3:44  SCV  
  41  3:46  Supply Depot  
  42  3:48  Marine  
  42  3:51  SCV  
  42  3:53  Cyclone  
  47  3:57  SCV  
  48  4:03  SCV  
  49  4:11  Liberator  
  49  4:15  Cyclone  
  51  4:19  Engineering Bay  
  47  4:26  SCV x2  
  50  4:36  Supply Depot  
  50  4:38  SCV x2  
  52  4:41  Barracks Tech Lab  
  52  4:50  SCV x2  
  52  4:51  Missile Turret  
  52  4:52  Barracks  
  54  4:57  Factory Reactor  
  54  4:58  Missile Turret  
  54  5:02  SCV x2  
  54  5:10  Barracks  
  54  5:11  Stimpack  
  54  5:13  Marine  
  55  5:14  SCV  
  55  5:28  SCV  
  55  5:31  Marine  
  53  5:38  SCV  
  53  5:40  SCV  
  55  5:44  Marine x2  
  55  5:45  Terran Infantry Weapons Level 1  
  55  5:48  Engineering Bay, Refinery  
  57  5:50  SCV  
  57  5:51  Refinery  
  57  5:54  Marine, Factory Tech Lab  
  57  6:01  Command Center, SCV  
  57  6:02  SCV  
  56  6:12  Marine x5  
  56  6:14  SCV, Siege Tank  
  56  6:16  SCV  
  66  6:18  Terran Infantry Armor Level 1  
  66  6:24  Starport Reactor  
  66  6:27  SCV  
  66  6:29  Marine  
  66  6:30  Marine  
  69  6:33  SCV  
  69  6:35  Supply Depot  
  70  6:41  Supply Depot  
  70  6:42  Marine x2  
  70  6:43  SCV  
  70  6:46  Marine  
  74  6:47  Marine  
  74  6:52  SCV  
  74  6:53  Marine  
  77  6:56  Siege Tank  
  77  6:59  Marine x2, Supply Depot  
  77  7:01  Medivac x2  
  86  7:05  SCV  
  87  7:12  Marine, Combat Shields  
  87  7:14  Orbital Command  
  85  7:16  SCV  
  85  7:22  Marine x2  
  86  7:25  SCV  
  86  7:27  Barracks  
  87  7:35  Orbital Command  
  87  7:37  Medivac x2, Marine x2  
  89  7:44  SCV x2  
  94  7:49  Marine x3  
  97  7:55  Marine  
  97  7:56  Barracks  
  98  8:00  Siege Tank  
  98  8:02  SCV  
  98  8:03  SCV x2  
  104  8:11  Armory  
  104  8:14  SCV  
  104  8:15  Refinery, SCV  
  104  8:17  Refinery  
  104  8:18  Marine  
  104  8:19  Sensor Tower  
  107  8:20  Barracks Reactor  
  107  8:23  SCV  
  107  8:27  SCV  
  109  8:31  Marine  
  109  8:32  Marine  
  109  8:34  Marine x2  
  113  8:35  Siege Tank  
  113  8:36  Marine  
  113  8:38  SCV  
  115  8:42  Marine  
  115  8:44  Medivac  
  115  8:45  SCV  
  115  8:49  Marine x2  
  115  8:51  Marine x2  
  115  8:54  Marine  
  115  8:55  SCV x2  
  113  9:00  Marine  
  113  9:01  SCV  
  111  9:03  Medivac  
  111  9:05  Barracks Reactor  
  111  9:06  Terran Infantry Weapons Level 2, Terran Infantry Armor Level 2  
  111  9:07  Marine x2  
  111  9:09  Marine x2  
  113  9:11  Marine  
  113  9:14  SCV  
  113  9:15  Marine  
  113  9:16  Siege Tank  
  110  9:17  Medivac  
  110  9:18  Marine  
  113  9:24  SCV  
  113  9:25  Marine x2, SCV  
  113  9:28  Supply Depot  
  113  9:29  Supply Depot  
  113  9:31  SCV, Missile Turret  
  118  9:34  Marine, Missile Turret  
  118  9:35  Marine x3  
  118  9:38  SCV x2  
  124  9:46  Factory  
  124  9:49  Medivac  
  124  9:52  SCV  
  120  9:54  Marine x2  
  120  9:55  Marine  
  120  9:57  Siege Tank  
  120  9:59  Marine x2  
  127  10:01  Supply Depot  
  127  10:06  Marine  
  126  10:08  Marine  
  126  10:11  SCV  
  126  10:12  SCV x2  
  130  10:19  Marine x6  
  130  10:21  Medivac x2  
  138  10:27  Missile Turret  
  140  10:29  Marine x3  
  140  10:34  SCV  
  140  10:35  Supply Depot  
  144  10:36  Marine  
  144  10:37  Marine x3  
  144  10:42  Marine  
  148  10:44  Factory Tech Lab  
  148  10:48  Marine x3  
  149  10:53  Marine  
  149  10:56  Marine x2, Siege Tank  
  154  10:57  Marine  
  140  11:16  Marine x7  
  140  11:17  Siege Tank  
  150  11:21  Supply Depot  
  150  11:22  Command Center  
  149  11:27  Supply Depot  
  149  11:28  Siege Tank  
  149  11:31  Marine x2  
  149  11:34  Marine x3  
  149  11:35  Marine x4  
  153  11:43  Command Center  
  153  11:45  Medivac  
  153  11:46  Medivac  
  157  11:49  Marine x2, Siege Tank  
  157  11:52  Marine x2  
  156  12:01  Terran Infantry Armor Level 3, Terran Infantry Weapons Level 3  
  156  12:07  Marine  
  155  12:09  Siege Tank  
  155  12:13  Marine  
  145  12:17  Marine x7  
  145  12:22  Supply Depot  
  152  12:25  Marine  
  153  12:31  Marine  
  153  12:33  Siege Tank  
  153  12:34  Medivac  
  153  12:35  Medivac, Marine  
  162  12:37  Terran Vehicle Weapons Level 1  
  162  12:45  Marine  
  157  12:55  Siege Tank  
  160  13:03  Marine  
  160  13:04  Marine x6  
  154  13:08  Marine x2, Siege Tank  
  155  13:21  Medivac x2, Marine, Sensor Tower  
  155  13:22  Marine x6  
  155  13:25  Marine  
  155  13:26  Marine  
  168  13:27  Supply Depot, Siege Tank  
  171  13:39  Marine x7, Missile Turret  
  178  13:43  Marine  
  179  13:53  Marine, Siege Tank  
  179  13:54  Medivac  
  185  13:57  Marine x5  
  185  14:00  Planetary Fortress  
  188  14:13  Siege Tank  
  188  14:14  Marine x4  
  188  14:15  Marine  
  196  14:20  Marine  
  196  14:22  Marine x3  
  192  14:27  Siege Tank  
  192  14:29  Starport Reactor  
  189  14:32  Marine  
  187  14:45  Siege Tank  
  185  14:51  Marine x3  
  179  14:56  Marine  
  179  14:59  Siege Tank  
  159  15:03  Marine  
  159  15:04  Marine x4  
  159  15:06  Viking x2  
  149  15:09  Marine x3  
  149  15:11  Barracks x2  
  149  15:13  Starport, Barracks  
  149  15:14  Refinery, Marine  
  152  15:15  Starport  
  152  15:17  Siege Tank  
  156  15:21  Marine x4  
  156  15:22  Marine  
  160  15:33  Liberator  
  160  15:35  Marine  
  160  15:36  Viking x2  
  160  15:42  Marine  
  152  15:45  Siege Tank  
  152  15:48  Marine  
  152  15:49  Liberator  
  153  15:54  Marine, Siege Tank  
  157  16:04  Viking  
  157  16:07  Marine  
  157  16:08  Marine  
  164  16:12  Viking  
  164  16:16  Marine  
  164  16:17  Marine, Siege Tank  
  164  16:18  Marine  
  162  16:37  Siege Tank  
  152  16:40  Marine  
  152  16:42  Marine  
  152  16:46  Marine x2  
  146  16:52  Marine x4  
  121  16:57  Marine  
  122  17:01  Siege Tank  
  122  17:04  Marine x3  
  122  17:05  Marine  
  129  17:10  Orbital Command  
  129  17:13  Marine  
  129  17:16  Marine  
  129  17:22  Marine  
  130  17:23  Marine x7  
  130  17:24  Liberator  
  130  17:27  Medivac  
  140  17:39  Liberator, Marine x3  
  140  17:40  Marine x5  
  149  17:47  Viking  
  136  17:55  Viking  
  136  17:56  Marine  
  136  17:57  Marine  
  137  18:11  Orbital Command, Marine  
  137  18:12  Marine x4  
  142  18:13  SCV  
  142  18:14  SCV  
  142  18:17  Medivac, SCV  
  147  18:24  Viking  
  136  18:29  Marine x2  
  138  18:37  Medivac, SCV  
  138  18:45  Liberator  
  138  18:46  Siege Tank  
  137  18:53  Marine x2  
  137  18:54  Marine x6  
  145  19:00  Marine  
  149  19:04  Marine, Siege Tank  
  151  19:12  Marine  
  151  19:14  Medivac  
  151  19:15  Viking  
  151  19:16  Marine  
  151  19:17  Marine x4  
  150  19:23  SCV x3  
  154  19:34  Siege Tank  
  154  19:36  Marine  
  154  19:37  Marine x7  
  165  19:44  Medivac x2  
  165  19:45  Medivac, Marine  
  163  19:49  Marine  
  163  19:55  Marine x5  
  168  20:01  Siege Tank  
  171  20:13  Siege Tank  
  174  20:14  Viking  
  174  20:16  Marine  
  174  20:17  Marine x6  
  174  20:18  Marine x3  
  185  20:24  Supply Depot  
  185  20:25  Supply Depot  
  185  20:29  Bunker, Missile Turret  
  185  20:34  Marine  
  185  20:35  Marine, Siege Tank  
  187  20:46  Marine, Siege Tank  
  187  20:49  Marine  
  176  20:50  Medivac, Marine  
  187  20:57  Marine  
  187  20:58  Marine  
  187  20:59  Marine x3  
  187  21:00  Marine x2  
  187  21:04  Marine  
  172  21:06  SCV  
  172  21:07  Marine, Siege Tank  
  172  21:08  Marine  
  175  21:13  Command Center  
  175  21:15  Marine  
  175  21:16  Marine  
  175  21:17  Marine  
  174  21:21  Marine x4  
  174  21:22  Marine  
  179  21:26  Starport Reactor  
  179  21:32  Refinery, Supply Depot  
  179  21:33  Supply Depot  
  179  21:35  Refinery  
  179  21:36  Refinery  
  179  21:42  Marine x5  
  179  21:43  Marine  
  184  21:51  SCV x2  
  186  21:55  Marine x4  
  186  22:00  Marine  
  187  22:06  Marine x2  
  187  22:07  Marine  
  171  22:08  Marine  
  144  22:17  Marine x2  
  144  22:18  Marine  
  144  22:20  SCV  
  138  22:29  Marine x2  
  137  22:36  Marine  
  139  22:38  SCV x2  
  139  22:46  Marine  
  139  22:48  SCV  
  139  22:50  Refinery, SCV  
  138  22:54  Marine x3  
  140  23:00  SCV  
  140  23:03  SCV x2  
  143  23:13  SCV  
  143  23:16  Marine  
  143  23:17  Marine x3  
  145  23:20  SCV  
  145  23:21  SCV  
  145  23:25  Siege Tank  
  150  23:41  Marine  
  150  23:47  Medivac x2  
  154  23:53  SCV  
  148  24:05  Marine  
  148  24:06  Marine  
  148  24:08  Siege Tank  
  148  24:09  Marine x2  
  154  24:18  Marine x4  
  158  24:27  Marine  
  158  24:30  Siege Tank  
  160  24:37  Medivac  
  134  24:44  Marine  
  134  24:45  Marine x3  
  138  24:49  Marine  
  138  24:51  Marine  
  140  24:53  Medivac  
  140  24:58  SCV  
  140  24:59  SCV  
  141  25:08  Marine, Siege Tank  
  135  25:16  Marine  
  135  25:17  Marine  
  135  25:18  Marine x3  
  122  25:28  Marine  
  122  25:31  Marine  
  122  25:35  Marine x3  
  121  25:40  Marine  
  124  25:46  Marine  
  124  25:49  SCV x2  
  127  25:52  SCV  
  127  25:56  Marine  
  125  26:09  Marine  
  125  26:10  Marine, Siege Tank  
  125  26:11  Marine x2  
  126  26:15  Marine  
  109  26:27  Marine  
  109  26:32  Marine x4  
  105  26:33  Marine  
Tags
 
Add a new tag
Caveats
  • Supply blocks, unpowered buildings, or Contaminate may cause inaccurate times.
  • Supply counts are checked every 10 seconds.